 Dungeon Crawl Stone Soup version 0.30.1-4-g462c640d31 (webtiles) character file.

Game seed: 16380013804043669130

68 Zeor the Slasher (level 4, -2/33 HPs)
             Began as a Demonspawn Gladiator on Sept 11, 2023.
             Killed by divine providence
             ... invoked by an orc priest
              (14 damage)
             ... on level 3 of the Dungeon.
             The game lasted 00:02:50 (1231 turns).

Zeor the Slasher (Demonspawn Gladiator)             Turns: 1231, Time: 00:02:51

Health: -2/33      AC:  8    Str: 16    XL:     4   Next: 1%
Magic:  4/4        EV: 12    Int: 15    God:
Gold:   128        SH:  4    Dex: 14    Spells: 3/3 levels left

rFire   . . .        a - +0 hand axe of Plunder {freeze, rPois Str+2 Int+3}
rCold   . . .        (no shield)
rNeg    . . .        b - +0 leather armour
rPois   +            c - +0 helmet
rElec   .            (no cloak)
rCorr   .            (no gloves)
SInv    .            (no boots)
Will    .....        (no amulet)
Stlth   +            l - +4 ring of protection
HPRegen 0.25/turn    (no ring)
MPRegen 0.09/turn

%: no passive effects
@: no status effects
A: spiny 1, condensation shield
a: no special abilities


You were on level 3 of the Dungeon.
You visited 1 branch of the dungeon, and saw 3 of its levels.

You collected 128 gold pieces.

Inventory:

Hand Weapons
 a - the +0 hand axe of Plunder (weapon) {freeze, rPois Str+2 Int+3}
   (You found it on level 3 of the Dungeon)

   Str:       It affects your strength (+2).
   Int:       It affects your intelligence (+3).
   rPois:     It protects you from poison.
 m - a +0 long sword
Missiles
 d - 3 throwing nets (quivered)
 e - a javelin
Armour
 b - a +0 leather armour (worn)
 c - a +0 helmet (worn)
Jewellery
 l - a +4 ring of protection (left hand)
Scrolls
 f - a scroll of teleportation
 i - a scroll of identify
 j - a scroll of magic mapping
Potions
 g - a potion of invisibility
 h - 2 potions of haste
 k - a potion of flight


   Skills:
 + Level 2.0 Fighting
 * Level 3.6 Long Blades
 + Level 1.7 Throwing
 + Level 0.6 Armour
 * Level 3.4 Dodging
 - Level 0.2 Stealth


You had 3 spell levels left.
You didn't know any spells.
Your spell library was empty.

Dungeon Overview and Level Annotations

Branches:
Dungeon (3/15)

Altars:


Innate Abilities, Weirdness & Mutations

You are partially covered in sharp spines.
A meltable shield of frost defends you. (SH +4)


Message History

The orc misses you.
You hit the orc wizard but do no damage.
The orc wizard is lightly wounded.
You barely miss the orc. The orc priest closely misses you.
An orc comes into view. It is wielding a +0 hand axe.
The orc is struck by your spines. The orc closely misses you.
The orc wizard hits you but does no damage.
The orc hits you but does no damage.
The orc wizard hits you but does no damage.
The orc priest mumbles some strange prayers to Beogh against you.
Beogh smites you!
The orc shouts!
You hit the orc wizard. You freeze the orc wizard.
The orc wizard is moderately wounded.
You hit the orc but do no damage. The orc priest closely misses you.
The orc wizard points at you and mumbles some strange words.
You resist with significant effort. The orc is struck by your spines.
The orc hits you with a +0 club.
Unknown command.
You slash the orc wizard! You freeze the orc wizard.
You kill the orc wizard!
You hit the orc but do no damage. You block the orc priest's attack.
The orc is struck by your spines. The orc closely misses you.
You have reached level 4!
You feel clever. The orc attacks as you move away! You block the orc's attack.
The orc priest hits you but does no damage.
You hit the orc priest. You freeze the orc priest.
The orc priest is severely wounded.
You barely miss the orc.
The orc priest hits you but does no damage.
The orc hits you with a +0 club.
You closely miss the orc priest.
The orc priest is severely wounded.
You hit the orc but do no damage. The orc barely misses you.
The orc priest calls down the wrath of Beogh upon you.
You barely resist.
The orc priest mumbles some strange prayers to Beogh against you.
Beogh smites you!
You die... ▒▒▒ ▒▒▒▒▒▒▒▒ ▒∙∙∙>∙ ∙∙∙∙∙∙∙▒▒▒▒▒ ∙∙∙∙ ▒∙∙∙∙∙∙∙∙∙∙▒ ∙∙∙∙∙

∙†∙▒▒▒∙▒▒▒∙▒
▒∙∙∙ ▒▒∙▒ ▒∙▒
▒∙▒ ▒∙∙ ▒∙▒ ▒∙▒
▒∙▒ ▒o▒▒▒▒▒▒∙▒
▒∙▒ ▒∙▒
▒∙▒▒▒▒o6∙∙∙∙∙∙▒
▒∙▒ ▒∙▒
▒∙∙∙∙∙∙▒▒▒▒▒∙∙▒
▒∙▒ ▒∙▒
▒▒▒∙∙∙∙∙▒∙∙∙∙∙▒
▒▒∙▒▒▒∙▒
▒▒∙∙∙∙∙∙∙∙▒
▒∙∙∙▒▒
▒∙∙∙∙>∙∙∙∙▒
▒∙∙∙∙▒
▒∙∙∙∙∙∙∙∙∙▒
▒∙∙∙∙▒
▒∙▒∙∙∙∙∙▒∙∙∙∙∙
▒▒▒▒∙▒
▒∙▒▒∙∙∙▒▒▒▒▒∙∙▒
▒∙▒ ∙< ▒▒∙▒▒
∙∙∙


You could see an orc priest and an orc.

Vanquished Creatures
  An orc wizard (D:3)
  An adder (D:3)
  A worm (D:2)
  2 dart slugs (D:2)
  An endoplasm (D:2)
  2 giant cockroaches (D:2)
  3 goblins
  2 hobgoblins (D:2)
  4 jackals (D:2)
  2 quokkas
  A ball python (D:3)
  A bat (D:1)
  2 frilled lizards (D:2)
  3 kobolds
  A rat (D:3)
27 creatures vanquished.

Notes
Turn   | Place    | Note
-------+----------+-------------------------------------------
     0 | D:1      | Zeor the Demonspawn Gladiator began the quest for the Orb.
     0 | D:1      | Reached XP level 1. HP: 16/16 MP: 1/1
   795 | D:2      | Gained mutation: You are partially covered in sharp spines.
                  | [demonic ancestry]
   795 | D:2      | Reached XP level 2. HP: 22/22 MP: 2/2
   928 | D:2      | Gained mutation: A meltable shield of frost defends you.
                  | (SH +4) [demonic ancestry]
   928 | D:2      | Reached XP level 3. HP: 19/27 MP: 3/3
  1009 | D:2      | Found a faded altar of an unknown god.
  1216 | D:3      | Identified the +0 hand axe of Plunder {freeze, rPois Str+2
                  | Int+3}
  1229 | D:3      | Reached XP level 4. HP: 14/33 MP: 4/4
  1231 | D:3      | Killed from afar by an orc priest

Illustrated notes

Levels and vault maps discovered:
D:1:      wander_arrival_peaceful_grave, layout_basic
D:2:      layout_rooms, ebering_ecumenical_altar_box
D:3:      layout_loops_ring, uniq_natasha, uniq_sigmund

Skill      XL: |  1  2 |
---------------+-------+-----
Dodging        | 3 |  3.4
Long Blades    | 3 |  3.6
Fighting       | |  2.0
Throwing       | |  1.7
Armour         | |  0.6
Stealth        | |  0.2

Action                     |  1- 3 |  4- 6 || total
---------------------------+-------+-------++-------
  Melee: Long sword        |    44 |       ||    44
         Hand axe          |     6 |     2 ||     8
    Use: Scroll            |     6 |       ||     6
   Stab: Distracted        |     1 |       ||     1
         Sleeping          |     1 |       ||     1
 Armour: Leather armour    |    17 |     2 ||    19
  Dodge: Dodged            |    27 |     1 ||    28
  Block: Other             |     1 |     1 ||     2
